Map: Tourmaline LE

Players

Ragnarok (SHIN)

  • Race: Zerg Zerg
  • League: Master

인공지능 칸 (아주 쉬움) - Winner!

  • Race: Terran Terran

VOD

Have the link to the VOD?

Description

Time

  • Played on: May 24, 2026, 11:20 a.m.
  • Length: 9:45
Show
View Real Time Build Order
Export as new Build Order

Ragnarok Zerg 

Build Orders: Hatch First 

Get SALT Encoding   

  12  0:00  Drone  
  13  0:08  Drone  
  14  0:15  Extractor, Drone  
  15  0:21  Overlord  
  15  0:40  Drone  
  16  0:47  Hatchery  
  16  0:49  Drone  
  16  0:53  Drone  
  16  0:56  Drone  
  18  1:10  Extractor  
  17  1:12  Spawning Pool  
  17  1:15  Drone  
  17  1:18  Drone  
  18  1:27  Drone  
  19  1:38  Drone  
  20  1:48  Drone  
  21  1:59  Queen x2  
  21  2:00  Zergling x4  
  27  2:10  Overlord  
  27  2:11  Drone  
  28  2:21  Hatchery  
  27  2:27  Drone  
  27  2:29  Metabolic Boost  
  28  2:32  Drone  
  28  2:35  Drone  
  30  2:42  Drone  
  31  2:47  Queen  
  34  2:51  Drone x2  
  34  2:56  Drone  
  36  3:04  Overlord  
  36  3:07  Overlord  
  36  3:22  Queen  
  36  3:23  Drone x5  
  36  3:25  Queen  
  36  3:26  Drone  
  46  3:32  Drone  
  47  3:34  Queen  
  49  3:41  Drone x3  
  49  3:43  Drone  
  49  3:48  Roach Warren  
  52  3:51  Zergling x4  
  52  3:52  Zergling x2  
  55  3:56  Drone x2  
  55  3:59  Extractor  
  55  4:00  Drone x2  
  58  4:05  Overlord  
  58  4:09  Overlord  
  58  4:13  Overlord  
  58  4:17  Overlord  
  58  4:20  Overlord  
  59  4:24  Drone x3  
  59  4:27  Lair  
  59  4:29  Extractor  
  59  4:30  Roach x2  
  64  4:33  Roach  
  64  4:35  Drone x2  
  68  4:38  Drone  
  68  4:42  Drone x3  
  68  4:44  Drone  
  68  4:45  Drone  
  74  4:46  Drone  
  74  4:48  Drone  
  74  4:49  Drone  
  77  4:53  Spore Crawler  
  77  4:54  Spore Crawler  
  77  4:56  Spore Crawler  
  77  4:57  Drone  
  77  4:59  Drone  
  76  5:01  Drone  
  76  5:02  Drone  
  76  5:04  Drone  
  79  5:07  Drone x2  
  79  5:09  Drone x2  
  79  5:10  Drone  
  79  5:13  Drone x2  
  79  5:14  Drone  
  87  5:17  Extractor, Drone  
  87  5:18  Drone, Extractor  
  87  5:19  Drone  
  88  5:24  Drone  
  88  5:25  Drone x2  
  91  5:30  Hatchery  
  91  5:32  Overseer  
  91  5:34  Roach x2  
  90  5:36  Glial Reconstitution  
  90  5:40  Drone x3, Extractor  
  90  5:41  Drone, Evolution Chamber  
  90  5:42  Evolution Chamber  
  91  5:44  Infestation Pit  
  91  5:46  Drone  
  91  5:47  Drone x2  
  91  5:48  Drone  
  94  5:51  Overlord  
  94  5:52  Ravager x2  
  94  5:54  Overlord x2  
  94  5:57  Overlord  
  94  6:01  Roach x2  
  98  6:08  Zerg Melee Weapons Level 1, Zerg Ground Armor Level 1  
  98  6:10  Roach x3  
  104  6:15  Roach x3  
  104  6:17  Roach  
  112  6:20  Roach x2  
  112  6:23  Drone x4  
  120  6:27  Drone x3  
  120  6:31  Hive  
  123  6:34  Baneling Nest  
  123  6:35  Drone  
  123  6:36  Drone x2  
  123  6:37  Drone  
  123  6:39  Ravager x3  
  129  6:40  Drone  
  129  6:43  Drone x3  
  129  6:46  Drone  
  134  6:47  Spore Crawler  
  134  6:53  Hatchery  
  132  6:55  Zergling x8  
  132  7:00  Overlord x2  
  132  7:01  Overlord  
  136  7:05  Overlord  
  136  7:09  Extractor  
  136  7:13  Overlord  
  135  7:19  Zergling x2  
  135  7:20  Zergling x24  
  135  7:21  Centrifugal Hooks  
  135  7:22  Ravager x2  
  149  7:24  Ravager  
  149  7:27  Drone x2  
  153  7:31  Zergling x4  
  153  7:32  Overlord  
  155  7:37  Zergling x2  
  155  7:38  Zergling x12  
  162  7:45  Zergling x14  
  162  7:47  Overlord x2  
  169  7:54  Adrenal Glands  
  169  7:57  Ultralisk Cavern  
  169  7:58  Spore Crawler  
  167  8:04  Viper x2  
  173  8:11  Drone x4  
  178  8:12  Zergling x2  
  178  8:13  Zergling x16  
  178  8:18  Zergling x6  
  189  8:20  Extractor  
  189  8:22  Zergling x2  
  189  8:23  Zergling x6  
  192  8:29  Zergling x12  
  192  8:33  Baneling x24  
  198  8:34  Spore Crawler  
  198  8:35  Baneling  
  198  8:40  Baneling x4  
  198  8:41  Baneling  
  197  8:42  Drone x3  
  200  8:50  Baneling  
  200  8:51  Baneling x7  
  200  8:58  Hatchery  
  199  9:09  Spine Crawler x2  
  197  9:10  Spine Crawler, Drone  
  197  9:11  Drone x3  
  200  9:37  Hatchery  
Show
View Real Time Build Order
Export as new Build Order

인공지능 칸 (아주 쉬움) Terran - Winner!

Build Orders: Reaper Expand 

Get SALT Encoding   

  12  0:00  SCV  
  13  0:13  SCV  
  14  0:19  Supply Depot  
  14  0:44  Barracks  
  14  1:02  Command Center  
  14  1:30  Supply Depot  
  14  1:31  Marine  
  15  1:34  Orbital Command  
  15  1:35  Refinery  
  15  1:47  Refinery  
  15  1:59  SCV  
  16  2:11  SCV  
  16  2:14  SCV  
  16  2:15  Reaper  
  19  2:23  SCV  
  19  2:28  SCV  
  21  2:35  SCV  
  22  2:43  SCV  
  23  2:48  Refinery  
  23  2:50  SCV  
  24  2:57  SCV  
  25  3:03  Marine  
  25  3:04  SCV  
  27  3:11  SCV  
  28  3:17  Factory  
  28  3:19  SCV  
  29  3:40  Refinery  
  29  3:42  SCV  
  30  3:49  SCV  
  30  3:50  Supply Depot  
  30  3:51  Marine  
  32  3:56  SCV  
  33  4:03  SCV  
  33  4:05  Starport  
  33  4:09  Barracks Tech Lab  
  34  4:10  SCV  
  35  4:17  SCV  
  36  4:25  SCV  
  36  4:28  Supply Depot  
  37  4:32  SCV  
  38  4:39  SCV  
  38  4:40  Marauder  
  38  4:42  Starport Tech Lab  
  41  4:46  SCV  
  42  4:53  SCV  
  43  5:00  SCV  
  43  5:02  Raven  
  46  5:07  SCV  
  46  5:15  SCV  
  47  5:22  SCV  
  47  5:27  Marine  
  49  5:36  Raven  
  51  5:52  SCV  
  51  6:15  Marine  
  52  7:03  Marauder  
Tags
 
Add a new tag
Caveats
  • Supply blocks, unpowered buildings, or Contaminate may cause inaccurate times.
  • Supply counts are checked every 10 seconds.